 Dungeon Crawl Stone Soup version 0.17.0-56-gd8de76c (webtiles) character file.

81 septik the Digger (level 4, 0/24 HPs)
             Began as a Gargoyle Earth Elementalist on Dec 5, 2015.
             Slain by a jackal (3 damage)
             ... in a sewer.
             The game lasted 00:09:16 (3027 turns).

septik the Digger (Gargoyle Earth Elementalist)     Turns: 3027, Time: 00:09:16

Health: 0/24       AC:  5    Str: 11    XL:     4   Next: 40%
Magic:  8/8        EV: 12    Int: 17    God:
Gold:   90         SH:  0    Dex: 10    Spells: 3 memorised, 3 levels left

rFire  . . .     SeeInvis .     p - +0 flail
rCold  . . .     Clarity  .     a - +0 robe
rNeg   + . .     SustAt   .     (no shield)
rPois  ∞         Gourm    .     (no helmet)
rElec  +         Spirit   .     (no cloak)
rCorr  .         Warding  .     (no gloves)
rMut   .         Stasis   .     (no boots)
MR     .....                    (no amulet)
Stlth  ++........               (no ring)
                                (no ring)

@: not resistant to hostile enchantments, unstealthy
A: negative energy resistance 1, electricity resistance, unbreathing,
petrification resistance, rot immunity, AC +3
a: no special abilities


You were in a sewer.
You were hungry.

You visited 1 branch of the dungeon, and saw 3 of its levels.
You also visited: Sewer.

You collected 90 gold pieces.

Inventory:

Hand Weapons
 p - a +0 flail (weapon)
Missiles
 b - 57 stones (quivered)
Armour
 a - a +0 robe (worn)
Jewellery
 h - a cursed ring of teleportation {unknown}
Scrolls
 g - 2 scrolls of identify {unknown}
Potions
 e - 2 potions of curing {unknown}
 f - 2 potions of heal wounds {unknown}
 j - a potion of agility {unknown}
 k - a potion of brilliance {unknown}
 n - a potion of might {unknown}
 o - a potion of lignification {unknown}
 q - a potion of ambrosia {unknown}
 r - a potion of poison {unknown}
Books
 c - a book of Geomancy

   Spells                             Type                      Level
   a - Sandblast                      Earth                        1
   b - Stoneskin                      Transmutation/Earth          2
   c - Passwall                       Transmutation/Earth          3
   d - Stone Arrow                    Conjuration/Earth            3
   e - Petrify                        Transmutation/Earth          4
   f - Lee's Rapid Deconstruction     Earth                        5
Comestibles
 d - a bread ration
 i - 3 fruits


   Skills:
 - Level 0.2 Fighting
 - Level 1.6 Dodging
 - Level 2.2 Stealth
 * Level 3.3 Spellcasting
 + Level 0.9 Conjurations
 - Level 0.7 Transmutations
 + Level 4.6 Earth Magic


You had 3 spell levels left.
You knew the following spells:

 Your Spells              Type           Power        Failure   Level  Hunger
a - Sandblast             Erth           ###...       2%          1    None
b - Stoneskin             Trmt/Erth      ##......     12%         2    ##.....
c - Stone Arrow           Conj/Erth      ##....       17%         3    ###....


Dungeon Overview and Level Annotations

Branches:
Dungeon (3/15)

Altars:
Ashenzari
Fedhas
Xom


Innate Abilities, Weirdness & Mutations

You are resistant to torment.
Your stone body is resilient (AC +3).
You are immune to poison.
You resist negative energy.
You are resistant to electric shocks.
You can survive without breathing.
You are immune to petrification.
You are immune to rotting.


Message History

The jackal splashes around in the water.
The jackal bites you but does no damage.
The jackal bites you but does no damage.
The jackal misses you. The jackal misses you. The jackal barely misses you.
The jackal barely misses you.
The jackal splashes around in the water.
The jackal completely misses you. The jackal closely misses you.
The jackal closely misses you.
There is an empty arch of ancient stone here.
The jackal bites you.
* * * LOW HITPOINT WARNING * * *
There is a gate leading back out of this place here.
The jackal completely misses you.
You closely miss the jackal.
The jackal is heavily wounded.
The jackal bites you.
You die...

#.#
#.#
#.#
#.#
#.#
#K#
#.#
#h#
#@#
#.#
#.#
#.#
###


You could see a big kobold and a jackal.

Vanquished Creatures
  An adder (D:3)
  2 worms
  2 giant geckos (D:2)
  4 orcs (D:3)
  A ball python (D:3)
  6 goblins (D:1)
  4 hobgoblins
  12 jackals
  6 kobolds
  A quokka (D:3)
  3 bats
  5 giant cockroaches
  A giant newt (D:3)
  13 rats
61 creatures vanquished.

Notes
Turn   | Place    | Note
--------------------------------------------------------------
     0 | D:1      | septik the Gargoyle Earth Elementalist began the quest for the Orb.
     0 | D:1      | Reached XP level 1. HP: 10/10 MP: 3/3
   315 | D:1      | Reached XP level 2. HP: 15/15 MP: 0/5
   366 | D:1      | Reached skill level 4 in Earth Magic
  1472 | D:2      | Found a shimmering altar of Xom.
  1473 | D:2      | Found a shimmering altar of Xom.
  1474 | D:2      | Found a shimmering altar of Xom.
  1484 | D:2      | Found a shimmering altar of Xom.
  1585 | D:2      | Reached XP level 3. HP: 13/19 MP: 1/7
  1943 | D:2      | Found a shattered altar of Ashenzari.
  2096 | D:2      | Learned a level 2 spell: Stoneskin
  2100 | D:2      | Learned a level 3 spell: Stone Arrow
  2354 | D:3      | Found a blossoming altar of Fedhas.
  2386 | D:3      | Reached XP level 4. HP: 17/24 MP: 8/8
  2662 | D:3      | Found a glowing drain.
  2666 | Sewer    | Entered a sewer
  2972 | Sewer    | Noticed a big kobold
  2998 | Sewer    | HP: 1/24 [jackal (2)]
  3027 | Sewer    | Slain by a jackal

Action                   |  1- 3 |  4- 6 || total
-------------------------+-------+-------++-------
Melee: Unarmed           |    59 |       ||    59
       Flail             |     5 |    70 ||    75
 Cast: Sandblast         |    79 |    17 ||    96
  Use: Scroll            |       |     2 ||     2
 Stab: Sleeping          |     1 |       ||     1
  Eat: Chunk             |     5 |     2 ||     7
